 Dungeon Crawl Stone Soup version 0.27.1-1-g398f81649c (webtiles) character file.

Game seed: 18240959936350344509

119 VictoriousLee the Slasher (level 5, -5/41 HPs)
             Began as a Barachi Fighter on Sept 5, 2021.
             Killed by divine providence
             ... invoked by an orc priest
              (8 damage)
             ... on level 3 of the Dungeon.
             The game lasted 00:05:16 (2447 turns).

VictoriousLee the Slasher (Barachi Fighter)         Turns: 2447, Time: 00:05:17

Health: -5/41      AC:  8    Str: 18    XL:     5   Next: 3%
Magic:  5/5        EV:  7    Int:  8    God:
Gold:   92         SH:  9    Dex: 12    Spells: 4/4 levels left

rFire    . . .     SeeInvis .   a - +0 long sword
rCold    . . .     Faith    .   c - +0 kite shield
rNeg     . . .     Spirit   .   b - +0 scale mail
rPois    .         Reflect  .   (no helmet)
rElec    .         Harm     .   (no cloak)
rCorr    .         Rampage  .   h - +0 pair of gloves
Will     .....                  (no boots)
Stlth    ..........             (no amulet)
HPRegen  0.13/turn              (no ring)
MPRegen  0.09/turn              (no ring)

@: mighty, slow
A: amphibious, slowness 1, strong legs 1, +LOS
a: Hop


You were on level 3 of the Dungeon.
You visited 1 branch of the dungeon, and saw 3 of its levels.

You collected 92 gold pieces.

Inventory:

Hand Weapons
 a - a +0 long sword (weapon)
 g - a +0 spear
 s - a +0 war axe
Missiles
 e - 19 bolts
 j - 45 arrows
 l - 31 poisoned darts
 o - 44 stones
 t - 20 sling bullets
 u - a throwing net
Armour
 b - a +0 scale mail (worn)
 c - a +0 kite shield (worn)
 h - a +0 pair of gloves (worn)
Scrolls
 k - a scroll of blinking {unknown}
 m - a scroll of teleportation {unknown}
 n - a scroll of enchant weapon {unknown}
 p - a scroll of brand weapon {unknown}
 r - 2 scrolls of identify {unknown}
 v - a scroll of holy word {unknown}
 x - a scroll of enchant armour {unknown}
 y - a scroll of amnesia {unknown}
Potions
 f - 2 potions of cancellation {unknown}
 i - 3 potions of curing {unknown}
 q - 2 potions of attraction {unknown}
 w - a potion of degeneration {unknown}


   Skills:
 - Level 3.6 Fighting
 + Level 6.1 Long Blades
 - Level 3.6 Armour
 - Level 3.2 Shields


You had 4 spell levels left.
You didn't know any spells.
Your spell library was empty.

Dungeon Overview and Level Annotations

Branches:
Dungeon (3/15)

Altars:
Elyvilon

Shops:
D:1 [


Innate Abilities, Weirdness & Mutations

You are amphibious.
You cover ground slowly.
You can hop short distances.
You have an extended range of vision and can be seen from far away.


Message History

The orc priest begins to cast a cantrip, but forgets the words!
The orc hits you but does no damage.
You hit the orc.
The orc is severely wounded.
The orc hits you but does no damage.
You closely miss the orc.
The orc is severely wounded.
The orc closely misses you.
You riposte.
You hit the orc.
You kill the orc!
The orc priest mumbles some strange prayers to Beogh against you.
Beogh smites you!
* * * LOW HITPOINT WARNING * * *
You feel very mighty all of a sudden. The orc hits you with a +0 whip.
* * * LOW HITPOINT WARNING * * *
You are too injured to fight recklessly!
You are too injured to fight recklessly!
You slash the orc!
You kill the orc!
The kobold hits you with a +0 dagger.
* * * LOW HITPOINT WARNING * * *
You barely miss the kobold. The kobold hits you but does no damage.
You hit the kobold.
The kobold is severely wounded.
The kobold hits you with a +0 dagger.
* * * LOW HITPOINT WARNING * * *
You closely miss the kobold.
The kobold is severely wounded.
The kobold hits you with a +0 dagger.
* * * LOW HITPOINT WARNING * * *
The kobold hits you with a +0 dagger.
* * * LOW HITPOINT WARNING * * *
You closely miss the kobold.
The kobold is severely wounded.
The kobold closely misses you.
You closely miss the kobold.
The kobold is severely wounded.
The orc priest calls down the wrath of Beogh upon you.
Beogh smites you!
You die...

.....# #...>..#...# ...?....#
.....###.####.#.. ....?..#
..................####o.....#
........#####...........)...#
.....#### ### #......# .....###
##......# .......## ###...#####
........###########...#########
................@Ko.###.......#
.........#############........#
.........#######..)...........#
..........).....<#...##.......#
.........#####.....############
........###†...##### #########
............#### #.......#
.............#########.......#
..........##.................#


You could see an orc priest and a kobold.

Vanquished Creatures
  A hound (D:3)
  3 adders (D:2)
  A worm (D:2)
  A dart slug (D:1)
  5 orcs (D:3)
  4 bats
  6 endoplasms
  2 giant cockroaches
  5 goblins
  5 hobgoblins
  4 kobolds
  2 quokkas (D:1)
  3 ball pythons
  3 frilled lizards
  5 rats
50 creatures vanquished.

Vanquished Creatures (others)
  A fungus (D:3)
1 creature vanquished.

Grand Total: 51 creatures vanquished

Notes
Turn   | Place    | Note
-------+----------+-------------------------------------------
     0 | D:1      | VictoriousLee the Barachi Fighter began the quest for the
                  | Orb.
     0 | D:1      | Reached XP level 1. HP: 18/18 MP: 1/1
   314 | D:1      | Reached skill level 3 in Long Blades
   316 | D:1      | Reached XP level 2. HP: 13/24 MP: 2/2
   627 | D:1      | Found Plog's Armour Shop.
  1131 | D:2      | Reached skill level 4 in Long Blades
  1131 | D:2      | Reached XP level 3. HP: 20/29 MP: 3/3
  1651 | D:2      | Reached skill level 5 in Long Blades
  1771 | D:2      | Reached XP level 4. HP: 32/36 MP: 4/4
  2269 | D:3      | Reached skill level 6 in Long Blades
  2307 | D:3      | Found a white marble altar of Elyvilon.
  2437 | D:3      | Reached XP level 5. HP: 41/41 MP: 5/5
  2447 | D:3      | Killed from afar by an orc priest

Illustrated notes

Levels and vault maps discovered:
D:1:      dpeg_arrival_round_b, layout_loops_corners, serial_shops,
          nicolae_shop_trees
D:2:      layout_loops_ring
D:3:      layout_rooms, elyvilon_altar_1

Skill      XL: |  1  2  3  4 |
---------------+-------------+-----
Long Blades    | 3 4 5 6 |  6.1
Fighting       | |  3.6
Armour         | |  3.6
Shields        | |  3.2

Action                   |  1- 3 |  4- 6 || total
-------------------------+-------+-------++-------
Melee: Long sword        |   112 |    61 ||   173
  Use: Potion            |       |     1 ||     1
Armor: Scale mail        |    58 |    26 ||    84
Dodge: Dodged            |    37 |    22 ||    59
Block: Kite shield       |    61 |    29 ||    90
       Rpst.: Long sword |     8 |     6 ||    14
